 Dungeon Crawl Stone Soup version 0.29.1-4-g47bece8355 (webtiles) character file.

Game seed: 4555002194126962980

11473 sanboga the Cleaver (level 12, -3/97 HPs)
             Began as a Formicid Fighter on Dec 11, 2022.
             Was a High Priest of Okawaru.
             Slain by a redback (11 damage)
             ... on level 12 of the Dungeon.
             The game lasted 00:15:26 (14546 turns).

sanboga the Cleaver (Formicid Fighter)             Turns: 14546, Time: 00:15:27

Health: -3/97      AC: 24    Str: 32    XL:     12   Next: 8%
Magic:  12/12      EV:  6    Int: 14    God:    Okawaru [*****.]
Gold:   168        SH: 18    Dex: 13    Spells: 11/11 levels left

rFire   . . .      SeeInvis +   B - +5 battleaxe "Ygret" {flame, Int+6}
rCold   . . .      Faith    .   n - +2 tower shield {reflect}
rNeg    + . .      Spirit   .   i - +0 plate armour
rPois   .          Reflect  +   (helmet unavailable)
rElec   .          Harm     .   q - +0 cloak
rCorr   .          Rampage  .   s - +2 pair of gloves
Will    ++...                   p - +0 pair of boots
Stlth   ..........              y - amulet "Posibb" {RegenMP rN+ Will+ Str+6}
HPRegen 0.26/turn               u - +4 ring of protection
MPRegen 0.53/turn               t - ring of flight

@: lethally poisoned (-3 -> -106), flying
A: permanent stasis, dig shafts and tunnels, antennae 3, four strong arms
a: Dig, Shaft Self, Renounce Religion, Heroism, Finesse, Duel


You were on level 12 of the Dungeon.
You worshipped Okawaru.
Okawaru was extremely pleased with you.
You visited 2 branches of the dungeon, and saw 13 of its levels.
You also visited: Sewer.

You collected 1499 gold pieces.
You spent 1331 gold pieces at shops.

Inventory:

Hand Weapons
 B - the +5 battleaxe "Ygret" (weapon) {flame, Int+6}
   (You took it off an orc on level 11 of the Dungeon)

   It burns those it strikes, dealing additional fire damage.
   Big, fiery blades are also staple armaments of hydra-hunters.
   Int:       It affects your intelligence (+6).
Armour
 i - a +0 plate armour (worn)
 n - a +2 tower shield of reflection (worn)
 p - a +0 pair of boots (worn)
 q - a +0 cloak (worn)
 s - a +2 pair of gloves (worn)
Jewellery
 a - a ring of protection from cold
 t - a ring of flight (right hand)
 u - a +4 ring of protection (left hand)
 y - the amulet "Posibb" (around neck) {RegenMP rN+ Will+ Str+6}
   (You bought it in a shop on level 11 of the Dungeon)

   [amulet of magic regeneration]

   It increases your rate of magic regeneration.
   Str:       It affects your strength (+6).
   rN:        It protects you from negative energy.
   Will:      It increases your willpower.
Wands
 b - a wand of paralysis (8)
 c - a wand of flame (7)
 k - a wand of mindburst (4)
 r - a wand of roots (3)
 w - a wand of digging (6)
Scrolls
 j - 4 scrolls of fear
 l - a scroll of enchant weapon
 x - a scroll of enchant armour
 z - a scroll of blinking {unknown}
Potions
 d - 4 potions of might
 e - 8 potions of curing
 f - 2 potions of cancellation
 g - a potion of invisibility {unknown}
 h - 4 potions of resistance
 m - a potion of flight {unknown}
 o - 4 potions of heal wounds
 A - a potion of ambrosia {unknown}
 C - a potion of lignification {unknown}


   Skills:
 + Level 9.7 Fighting
 * Level 11.9 Axes
 + Level 9.7 Armour
 + Level 11.4 Shields


You had 11 spell levels left.
You didn't know any spells.
Your spell library contained the following spells:

 Spells                   Type           Power      Damage    Failure   Level
 Apportation              Tloc           0%         N/A       100%        1
 Necrotise                Necr           0%         1d4       100%        1
 Frozen Ramparts          Ice            0%         1d1       100%        3
 Gell's Gravitas          Tloc           0%         N/A       100%        3
 Lesser Beckoning         Tloc           0%         N/A       100%        3
 Teleport Other           Tloc           0%         N/A       100%        3
 Ice Form                 Ice/Tmut       0%         N/A       100%        4
 Leda's Liquefaction      Hex/Erth       0%         N/A       100%        4
 Lee's Rapid Deconstruct  Erth           0%         3d5*      100%        5
 Dispersal                Tloc           0%         N/A       100%        6
 Statue Form              Tmut/Erth      0%         N/A       100%        6
 Summon Small Mammal      Summ           Unusable   N/A       N/A         1
 Summon Ice Beast         Ice/Summ       Unusable   N/A       N/A         4

Dungeon Overview and Level Annotations

Branches:
Dungeon (12/15)            Temple (1/1) D:4            Lair (0/5) D:9
    Orc (0/2) D:10          Sewer (visited)

Altars:
Ashenzari
Cheibriados
Dithmenos
Elyvilon
Fedhas
Gozag
Hepliaklqana
Kikubaaqudgha
Makhleb
Nemelex Xobeh
Okawaru
Qazlal
Ru
Sif Muna
Trog
Uskayaw
Vehumet
Wu Jian
Xom
Yredelemnul
Zin
The Shining One

Shops:
D:1 *   D:5 (   D:11 [=[:(


Innate Abilities, Weirdness & Mutations

You cannot be hasted, slowed, berserked, paralysed or teleported.
You can dig through walls and to a lower floor.
You have a pair of large antennae on your head. (SInv)
Your four strong arms can wield two-handed weapons with a shield.


Message History

The redback bites you but does no damage.
You block the redback's attack.
The redback bites you but does no damage. x2
The redback bites you. x2
You are lethally poisoned!
The redback poisons you! The redback barely misses you. The redback bites you.
You slice the redback!! You burn the redback.
You kill the redback!
Okawaru accepts your kill.
You hit the redback. You burn the redback. You slash the redback!
You burn the redback. You slash the redback! You burn the redback.
You slice the redback!! You burn the redback.
You kill the redback!
Okawaru accepts your kill.
You slash the redback! You burn the redback. You closely miss the redback.
You feel extremely sick.
The redback bites you but does no damage.
The redback bites you.
You are more poisoned.
The redback poisons you! You block the redback's attack. x4
The redback bites you but does no damage.
The redback bites you.
You are more poisoned.
The redback poisons you!
You slice the redback!! You burn the redback.
You kill the redback!
Okawaru accepts your kill.
You slash the redback! You burn the redback.
You kill the redback!
Okawaru accepts your kill.
You slash the redback! You burn the redback.
You kill the redback!
Okawaru accepts your kill.
You slash the redback! You burn the redback. You slice the redback!!
You burn the redback.
* * * LOW HITPOINT WARNING * * *
You feel extremely sick.
The redback bites you but does no damage.
You block the redback's attack. The redback bites you!
You die...

.............#
#+#..........#
#.######...# ##
#..........#
##.#####+###....#
.......# #....###
##.....# #......#
.####'## #...s..#
.......#####....@†#
...#...........s†.#
...#.<..##......#.#
.............##...#
................###
#################


You could see 2 redbacks.

Vanquished Creatures
  2 two-headed ogres (D:10)
  A centaur warrior (D:10)
  Pikel (D:7)
  An ugly thing (D:11)
  2 cyclopes (D:11)
  A manticore (D:12)
  Prince Ribbit (D:8)
  A hornet (D:10)
  3 wyverns (D:8)
  A wraith (D:10)
  12 yaks
  A steam dragon (D:8)
  Menkaure (D:4)
  An acid dragon (D:9)
  6 redbacks (D:12)
  3 water moccasins
  3 orc warriors
  2 sky beasts
  4 black bears
  2 ice beasts
  2 ogres
  2 centaurs
  2 phantoms
  A lemure (D:7)
  2 kobold brigands (D:9)
  A bullfrog (D:6)
  4 scorpions
  3 necrophages
  5 wights (D:7)
  5 killer bees (D:11)
  A howler monkey (D:8)
  4 hounds
  7 orc priests
  Ijyb (D:4)
  2 iguanas
  14 orc wizards
  13 adders
  6 gnolls
  6 river rats (Sewer)
  A white imp (D:3)
  3 worms
  32 orcs
  11 ball pythons
  11 endoplasms
  3 giant cockroaches (D:3)
  6 goblins
  5 hobgoblins
  3 quokkas
  5 bats
  5 frilled lizards
  35 kobolds
  33 rats
283 creatures vanquished.

Vanquished Creatures (others)
  An orc wizard (D:9)
  3 fungi (D:9)
  A plant (D:9)
5 creatures vanquished.

Grand Total: 288 creatures vanquished

Notes
Turn   | Place    | Note
-------+----------+-------------------------------------------
     0 | D:1      | sanboga the Formicid Fighter began the quest for the Orb.
     0 | D:1      | Reached XP level 1. HP: 18/18 MP: 1/1
   197 | D:1      | Reached XP level 2. HP: 23/24 MP: 2/2
   205 | D:1      | Found Ranoanig's General Store.
   568 | D:1      | Bought a scroll of enchant weapon for 82 gold pieces
   647 | D:1      | Found a faded altar of an unknown god.
   669 | D:1      | Reached XP level 3. HP: 24/29 MP: 3/3
   954 | D:2      | Reached XP level 4. HP: 36/37 MP: 4/4
  1771 | D:3      | Reached XP level 5. HP: 42/42 MP: 5/5
  1899 | D:3      | Found a shimmering blue altar of Sif Muna.
  1986 | D:3      | Found a radiant altar of Vehumet.
  2409 | D:3      | Reached skill level 5 in Shields
  2761 | D:4      | Noticed Menkaure
  2779 | D:4      | Killed Menkaure
  2780 | D:4      | Reached XP level 6. HP: 20/49 MP: 6/6
  3045 | D:4      | Found a glowing drain.
  3059 | Sewer    | Entered a sewer
  3234 | Sewer    | Reached XP level 7. HP: 55/55 MP: 7/7
  3960 | D:4      | Found a hazy altar of Hepliaklqana.
  3961 | D:4      | Found a glowing golden altar of the Shining One.
  3978 | D:4      | Noticed Ijyb
  3992 | D:4      | Killed Ijyb
  4210 | D:4      | Reached skill level 5 in Axes
  4210 | D:4      | Reached skill level 5 in Armour
  4432 | D:4      | Reached skill level 5 in Fighting
  4751 | D:4      | Found a staircase to the Ecumenical Temple.
  4891 | Temple   | Entered the Ecumenical Temple
  5050 | D:5      | Entered Level 5 of the Dungeon
  5059 | D:5      | Reached XP level 8. HP: 35/62 MP: 8/8
  5633 | D:5      | Found an iron altar of Okawaru.
  5715 | D:5      | Became a worshipper of Warmaster Okawaru
  5848 | D:5      | Found Asogejog's Antique Weapon Boutique.
  5851 | D:5      | Bought a runed war axe for 156 gold pieces
  6638 | D:6      | Identified a scroll of acquirement
  6638 | D:6      | Acquired 735 gold pieces
  6645 | D:6      | Reached * piety under Okawaru
  6646 | D:6      | Reached XP level 9. HP: 54/69 MP: 1/9
  6914 | D:6      | Found a stormy altar of Qazlal.
  7133 | D:6      | Found a broken altar of Ashenzari.
  8004 | D:7      | Noticed Pikel
  8021 | D:7      | Killed Pikel
  8021 | D:7      | Reached ** piety under Okawaru
  8022 | D:7      | Found a bloodstained altar of Trog.
  8377 | D:7      | Found a sparkling altar of Nemelex Xobeh.
  8512 | D:7      | Reached XP level 10. HP: 79/79 MP: 3/10
  9337 | D:7      | Reached *** piety under Okawaru
  9847 | D:8      | Noticed Prince Ribbit
  9877 | D:8      | Killed Prince Ribbit
 10023 | D:8      | Identified the +1 leather armour of the Onion {*Corrode rC+
                  | Will+ Int+7}
 10782 | D:9      | Found a staircase to the Lair.
 10793 | D:9      | Reached **** piety under Okawaru
 10794 | D:9      | Reached skill level 10 in Axes
 10803 | D:9      | Reached skill level 10 in Shields
 10804 | D:9      | Reached XP level 11. HP: 47/87 MP: 11/11
 11387 | D:10     | Entered Level 10 of the Dungeon
 11387 | D:10     | Noticed a two-headed ogre
 11395 | D:10     | Killed a two-headed ogre
 11538 | D:10     | Found a staircase to the Orcish Mines.
 11617 | D:10     | Noticed a centaur warrior
 11629 | D:10     | Killed a centaur warrior
 11629 | D:10     | Reached ***** piety under Okawaru
 12412 | D:10     | Noticed a two-headed ogre
 12425 | D:10     | Killed a two-headed ogre
 13063 | D:11     | Found Uneolix's Armour Boutique.
 13068 | D:11     | Bought a +0 pair of boots for 67 gold pieces
 13073 | D:11     | Bought a +0 cloak for 67 gold pieces
 13078 | D:11     | Bought a +2 pair of gloves for 247 gold pieces
 13101 | D:11     | Identified the +8 short sword "Getuoneoth" {vamp, Stlth+}
 13158 | D:11     | Noticed a cyclops
 13166 | D:11     | Killed a cyclops
 13237 | D:11     | Noticed a cyclops
 13255 | D:11     | Killed a cyclops
 13530 | D:11     | Noticed a brown ugly thing
 13558 | D:11     | Killed a brown ugly thing
 13558 | D:11     | Received a gift from Okawaru
 13867 | D:11     | Found Boismol's Jewellery Shop.
 13890 | D:11     | Bought the amulet "Posibb" {RegenMP rN+ Will+ Str+6} for
                  | 712 gold pieces
 13932 | D:11     | Found Zumpesh's Book Shoppe.
 13938 | D:11     | Found Oxihoto's Weapon Shoppe.
 13941 | D:11     | Found Fed Odos's Antique Armour Boutique.
 13968 | D:11     | Identified the +5 battleaxe "Ygret" {flame, Int+6}
 14396 | D:12     | Noticed a manticore
 14400 | D:12     | Killed a manticore
 14401 | D:12     | Reached XP level 12. HP: 59/96 MP: 12/12
 14546 | D:12     | Slain by a redback

Illustrated notes

Levels and vault maps discovered:
D:1:      dpeg_arrival_circle_labyrinth_a, layout_basic, serial_shops, shop,
          ebering_ecumenical_altar_webs
D:2:      layout_rooms, serial_bayou, serial_bayou_lake_a, serial_bayou_shore_a,
          serial_bayou_crossing, serial_bayou_pond_a, kennysheep_doodads,
          minmay_misc_feat_diagonals, minmay_indecisive_spiral
D:3:      layout_basic, mainiacjoe_overflow_brackets, marbit_many_paths
D:4:      layout_basic, gammafunk_temple_overflow_pools,
          minmay_temple_entry_statues, cheibrodos_sewer_entry_drain,
          grunt_tough_drop, uniq_menkaure, uniq_ijyb
D:5:      wad_crossroads, layout_loops_ring, okawaru_trees_2, serial_shops,
          kennysheep_mini_moat
D:6:      layout_basic, mainiacjoe_overflow_concentric_impassable,
          nicolae_qazlal_style_of_elements, minmay_stone_trees_small,
          grunt_ministairs_3
D:7:      layout_basic, mainiacjoe_overflow_boulevard, nemelex_altar_shiori,
          uniq_pikel
D:8:      layout_basic, uniq_prince_ribbit1
D:9:      layout_basic, dpeg_oklobed_lair
D:10:     layout_basic, orc_0_dummy, serial_co_window_serial, co_window_paths_a,
          co_window_corner_a, co_window_corner_a, co_window_paths_b,
          co_window_cross_1, co_window_broadway_b, co_window_paths_c,
          co_window_unsneaky_path_e, co_window_4corner_a, glass_columns_a,
          glass_columns_a, eino_small_chamber_without_monster
D:11:     layout_basic, serial_shops, nicolae_shop_stone, shop, shop, shop,
          shop, nicolae_figureground_pulse
D:12:     layout_stronghold, drop_trap
Temple:   nicolae_temple_god_jail

Skill      XL: |  1  2  3  4  5  6  7  8  9 10 11 |
---------------+----------------------------------+-----
Axes           | 3 4 5 6 8 10 11 | 11.9
Fighting       | 4 5 6 7 8 9 |  9.7
Armour         | 4 5 6 7 8 9 |  9.7
Shields        | 5 6 7 8 10 11 | 11.4

Action                   |  1- 3 |  4- 6 |  7- 9 | 10-12 || total
-------------------------+-------+-------+-------+-------++-------
Melee: War axe           |    70 |   165 |   331 |   346 ||   912
       Battleaxe         |       |       |       |    19 ||    19
  Use: Scroll            |       |     5 |     5 |    10 ||    20
       Potion            |       |       |       |     1 ||     1
 Stab: Confused          |       |       |       |     1 ||     1
       Paralysed         |       |       |       |     1 ||     1
Armor: Scale mail        |    38 |    65 |    86 |       ||   189
       Chain mail        |       |       |    88 |   107 ||   195
       Plate armour      |       |       |       |    74 ||    74
Dodge: Dodged            |    29 |    92 |   129 |   119 ||   369
Block: Buckler           |    19 |    50 |   109 |   110 ||   288
       Tower shield      |       |       |       |    58 ||    58
       Reflection        |       |       |       |     2 ||     2
